Map: Automaton LE

Players

UMADCheZ

  • Race: Zerg Zerg
  • Spawn Location: 9:00

Mesrob - Winner!

  • Race: Terran Terran
  • League: Platinum
  • Spawn Location: 3:00

VOD

Have the link to the VOD?

Description

Time

  • Played on: Jan. 25, 2019, 5 p.m.
  • Length: 20:59
Show
View Real Time Build Order
Export as new Build Order

UMADCheZ Zerg 

Build Orders: Hatch First, Lurkers, Roach Hydra 

Get SALT Encoding   

  12  0:01  Drone  
  13  0:08  Drone  
  14  0:18  Overlord  
  14  0:26  Extractor, Drone  
  15  0:36  Drone x2  
  17  0:56  Hatchery  
  16  0:58  Drone  
  16  1:02  Drone  
  18  1:17  Spawning Pool  
  17  1:18  Drone  
  17  1:22  Drone  
  19  1:26  Extractor  
  19  1:28  Drone  
  19  1:39  Drone  
  20  2:06  Zergling x4  
  20  2:07  Queen  
  24  2:09  Queen  
  24  2:14  Zergling x2  
  27  2:18  Drone  
  28  2:25  Overlord  
  28  2:43  Drone x3  
  31  2:48  Lair  
  31  2:52  Queen  
  31  2:53  Drone x2  
  31  2:54  Drone  
  36  2:59  Overlord  
  36  3:17  Drone x4  
  40  3:22  Extractor  
  39  3:33  Drone x2  
  41  3:42  Drone x2  
  41  3:45  Drone  
  44  4:04  Overlord x2  
  44  4:15  Baneling Nest  
  43  4:20  Evolution Chamber  
  43  4:23  Evolution Chamber  
  43  4:24  Drone x9  
  50  4:43  Hatchery  
  49  4:48  Roach Warren  
  49  4:49  Spore Crawler  
  49  4:50  Spore Crawler  
  46  4:53  Drone x7  
  46  4:54  Spine Crawler  
  52  5:04  Drone x2  
  54  5:07  Zerg Missile Weapons Level 1, Zerg Ground Armor Level 1  
  54  5:08  Centrifical Hooks  
  54  5:11  Zergling x2  
  54  5:13  Baneling  
  55  5:14  Metabolic Boost  
  55  5:20  Spore Crawler  
  54  5:25  Drone  
  54  5:26  Drone  
  56  5:36  Extractor  
  56  5:37  Extractor, Glial Reconstitution  
  56  5:39  Roach x3  
  56  5:42  Overlord x2  
  60  6:01  Drone  
  60  6:02  Drone x5  
  66  6:15  Spore Crawler  
  66  6:16  Spore Crawler  
  66  6:17  Drone x3  
  67  6:18  Spore Crawler  
  67  6:25  Spire  
  65  6:33  Drone x10  
  65  6:37  Spore Crawler  
  65  6:38  Hydralisk Den  
  65  6:39  Spore Crawler  
  72  6:42  Drone  
  72  6:43  Spore Crawler, Drone x2  
  74  6:52  Infestation Pit, Drone x2  
  75  7:12  Zerg Missile Weapons Level 2  
  75  7:13  Zerg Ground Armor Level 2  
  75  7:15  Hydralisk x3  
  75  7:17  Zergling x2  
  75  7:18  Hatchery  
  81  7:27  Hatchery  
  80  7:30  Hive  
  80  7:36  Extractor x2  
  78  7:37  Drone x2  
  78  7:38  Drone  
  78  7:40  Overlord x2  
  81  8:04  Drone x3  
  84  8:08  Grooved Spines  
  84  8:31  Baneling  
  84  8:32  Baneling x8, Hydralisk  
  84  8:33  Hydralisk x7  
  84  8:34  Hydralisk  
  98  8:37  Overlord x5  
  102  8:43  Queen  
  102  8:46  Adrenal Glands  
  104  8:59  Ultralisk Cavern  
  103  9:05  Drone  
  103  9:06  Drone x8  
  112  9:12  Hatchery  
  111  9:20  Muscular Augments  
  111  9:22  Roach x8  
  127  9:40  Spine Crawler  
  127  9:43  Spine Crawler  
  127  9:44  Drone x2  
  127  9:45  Drone  
  128  9:48  Queen  
  128  9:51  Zerg Ground Armor Level 3, Zerg Missile Weapons Level 3  
  130  10:13  Ultralisk x2  
  142  10:17  Overlord x4  
  142  10:20  Pneumatized Carapace  
  142  10:30  Overseer x2  
  142  10:45  Extractor x2, Drone x3  
  142  10:47  Drone x2  
  142  10:48  Drone x2  
  142  10:49  Drone x2  
  149  10:51  Overlord x3  
  149  10:55  Overseer  
  149  10:58  Chitinous Plating  
  149  11:05  Lurker Den  
  148  11:12  Greater Spire  
  148  11:33  Viper  
  148  11:34  Drone x3  
  154  11:49  Hydralisk x3  
  154  11:50  Hydralisk x6  
  154  11:51  Hydralisk x6  
  154  11:52  Hydralisk x3  
  190  12:11  Hydralisk  
  181  12:17  Anabolic Synthesis  
  181  12:20  Overlord x2  
  181  12:21  Overlord x5  
  117  12:39  Hydralisk  
  117  12:40  Hydralisk x5  
  117  12:41  Hydralisk x6  
  117  12:42  Hydralisk x5  
  117  12:43  Zergling x16  
  117  12:44  Zergling x6  
  162  12:46  Overseer  
  162  12:49  Overseer x3  
  162  13:37  Ultralisk x4  
  162  13:40  Lurker x4  
  189  13:41  Lurker  
  189  13:47  Overseer x2  
  186  14:07  Lurker x4  
  186  14:08  Zergling x2  
  186  14:09  Zergling x16  
  131  14:40  Zergling x2  
  131  14:41  Zergling x34  
  117  14:55  Ultralisk x5  
  117  14:56  Zergling x2  
  147  15:03  Baneling x7  
  127  15:35  Ultralisk  
  127  15:36  Zergling x26, Ultralisk x2  
  127  15:37  Zergling x4  
  154  15:45  Queen  
  156  15:52  Extractor, Drone  
  156  15:56  Overlord  
  156  15:57  Overlord x4  
  156  16:04  Adaptive Talons  
  156  16:14  Queen x3  
  162  16:21  Hydralisk  
  162  16:22  Hydralisk x5  
  162  16:23  Hydralisk x7  
  162  16:24  Hydralisk x3  
  194  16:27  Overlord  
  194  16:29  Overlord  
  194  16:45  Extractor  
  194  16:47  Hatchery  
  192  16:58  Extractor  
  190  17:13  Lurker x5  
  190  17:14  Lurker x3  
  144  17:48  Mutalisk, Ultralisk  
  144  17:49  Ultralisk  
  133  18:00  Zergling x2, Ultralisk  
  133  18:01  Zergling x44  
  133  18:02  Zergling x4  
  133  18:05  Baneling  
  158  18:06  Baneling x2  
  148  18:16  Zergling x2  
  148  18:17  Zergling x14  
  124  18:42  Baneling  
  124  18:43  Baneling x20  
  124  18:44  Baneling x2  
  124  18:56  Drone x3  
  124  18:57  Drone x14  
  134  19:16  Zergling x2  
  115  19:17  Zergling x20  
  102  19:25  Spine Crawler  
  101  19:38  Zergling x2, Ultralisk x2  
  114  19:39  Zergling x12  
  120  19:54  Roach  
  120  19:55  Roach x7  
  120  19:56  Zergling x2  
  137  20:05  Baneling  
  137  20:08  Spine Crawler  
  102  20:32  Zergling x2  
  102  20:33  Zergling x26  
Show
View Real Time Build Order
Export as new Build Order

Mesrob Terran - Winner!

Build Orders: Mech 

Get SALT Encoding   

  12  0:00  SCV  
  13  0:12  SCV  
  14  0:18  Supply Depot  
  14  0:24  SCV  
  15  0:40  Barracks, SCV  
  16  0:46  Refinery  
  16  0:52  SCV  
  17  1:04  SCV  
  18  1:16  SCV  
  19  1:28  Orbital Command  
  19  1:40  Command Center  
  19  1:43  Marine  
  20  1:54  Bunker  
  20  1:57  SCV  
  21  2:07  Factory  
  21  2:10  Barracks Tech Lab  
  21  2:18  SCV  
  22  2:30  Supply Depot  
  22  2:42  SCV  
  23  2:46  Refinery  
  23  2:53  Supply Depot  
  23  2:54  SCV  
  23  2:56  Engineering Bay  
  24  3:00  Siege Tank  
  27  3:09  Supply Depot  
  27  3:16  Supply Depot  
  27  3:17  Orbital Command  
  27  3:32  Siege Tank  
  30  3:40  Missile Turret  
  30  3:44  SCV  
  30  3:48  SCV  
  32  3:53  Marine  
  33  3:56  SCV  
  33  4:00  SCV  
  35  4:06  Armory  
  35  4:09  Missile Turret  
  36  4:10  SCV  
  36  4:12  SCV  
  36  4:15  Siege Tank  
  40  4:32  Missile Turret  
  40  4:37  SCV  
  41  4:41  Refinery  
  41  4:52  Missile Turret  
  41  4:53  Thor  
  41  4:54  Missile Turret  
  47  5:06  Refinery  
  47  5:12  Command Center  
  47  5:16  Factory  
  47  5:21  Factory  
  47  5:32  SCV  
  47  5:35  SCV  
  49  5:40  Terran Vehicle Weapons Level 1  
  49  5:44  SCV  
  49  5:47  SCV  
  51  5:52  Thor  
  51  5:56  SCV  
  58  5:59  SCV  
  59  6:06  Armory  
  59  6:08  SCV  
  60  6:11  SCV  
  61  6:20  SCV  
  61  6:23  SCV  
  61  6:25  Factory Reactor x2  
  63  6:28  Sensor Tower  
  63  6:32  SCV  
  63  6:35  SCV  
  65  6:49  Missile Turret  
  65  6:59  Sensor Tower  
  65  7:00  SCV x2  
  67  7:02  Planetary Fortress  
  67  7:11  Missile Turret  
  67  7:21  Hellbat x4, Thor  
  67  7:22  Infernal Pre-Igniter  
  81  7:25  Terran Vehicle And Ship Armor Level 1  
  81  7:39  SCV x2  
  81  7:40  SCV  
  84  7:46  Refinery  
  84  7:47  Refinery  
  84  7:50  Supply Depot  
  84  7:51  Supply Depot, SCV  
  85  8:03  Supply Depot  
  85  8:04  Supply Depot  
  85  8:11  SCV x3  
  88  8:13  Supply Depot  
  88  8:14  Thor  
  88  8:15  Hellion, Hellbat, Supply Depot  
  98  8:23  Hellion, SCV x2  
  98  8:25  Factory  
  98  8:26  Factory  
  98  8:27  Supply Depot  
  100  8:29  Supply Depot  
  100  8:35  SCV  
  100  8:37  Supply Depot  
  100  8:38  Hellbat  
  103  8:41  Supply Depot  
  103  8:57  Hellbat x2  
  103  8:58  Hellbat  
  103  8:59  Hellbat, Thor  
  117  9:03  Supply Depot  
  117  9:08  SCV x2  
  117  9:09  Supply Depot, SCV  
  120  9:10  Factory  
  120  9:20  SCV x2  
  120  9:21  Command Center, SCV  
  120  9:24  Factory Tech Lab x2  
  123  9:25  Hellbat x4  
  131  9:32  SCV  
  132  9:41  Terran Vehicle Weapons Level 2  
  132  9:43  Terran Vehicle And Ship Armor Level 2  
  132  9:47  SCV x3  
  132  9:52  Marine  
  136  9:54  Factory  
  134  10:00  Supply Depot  
  134  10:04  Supply Depot  
  134  10:10  Marine  
  135  10:15  Factory Reactor  
  135  10:22  Thor x3  
  135  10:24  Hellbat  
  135  10:26  Hellbat  
  135  10:27  Supply Depot  
  157  10:29  Hellbat  
  157  10:31  Hellbat  
  161  10:37  Planetary Fortress  
  161  10:39  Factory  
  161  10:42  Missile Turret  
  161  10:46  Refinery  
  161  10:48  SCV  
  161  10:49  SCV x2  
  164  10:58  Factory Tech Lab  
  164  11:00  Hellbat x4  
  164  11:03  Hellbat  
  174  11:05  Hellbat, Missile Turret  
  174  11:06  Hellbat  
  178  11:12  Refinery  
  178  11:31  Factory Tech Lab, Thor x2  
  178  11:32  Thor  
  127  12:23  Thor  
  127  12:24  Thor x4  
  127  12:26  Hellbat  
  127  12:27  Hellbat x5  
  133  12:48  Hellbat  
  133  12:51  Hellbat  
  137  12:53  Hellbat  
  137  12:56  Hellbat  
  143  12:58  Hellbat  
  143  13:01  Hellbat  
  145  13:06  SCV, Thor x2  
  145  13:07  Thor x3  
  145  13:09  Hellbat  
  178  13:18  SCV  
  179  13:30  Hellbat x3, SCV  
  179  13:31  Hellbat x2  
  179  13:32  Hellbat  
  192  13:49  Thor  
  178  14:33  Hellbat x5  
  178  14:34  Hellbat, Thor x3  
  178  14:35  Thor  
  152  15:07  Thor  
  144  15:08  Hellbat x4  
  144  15:09  Hellbat x2  
  154  15:17  Factory, Thor  
  154  15:19  Factory  
  136  15:40  Command Center  
  123  15:52  Thor x3  
  123  15:53  Thor  
  123  15:54  Hellbat  
  123  15:55  Hellbat x3  
  123  15:56  Hellbat x2  
  159  16:23  Command Center  
  159  16:30  Hellbat x2  
  159  16:31  Hellbat x4  
  171  16:33  Thor  
  171  16:35  Thor x3  
  171  16:39  Factory Tech Lab, Factory Reactor  
  195  16:58  Hellbat  
  195  16:59  Hellbat  
  175  17:44  Thor x4  
  153  17:45  Hellbat  
  153  17:46  Hellbat x6  
  153  17:47  Hellbat, Thor  
  153  17:48  Thor  
  137  18:27  Hellbat x4  
  137  18:28  Hellbat x2  
  137  18:29  Hellbat x2, Thor  
  137  18:30  Thor x2  
  137  18:32  Thor  
  167  18:41  Refinery  
  167  18:48  Thor  
  173  18:53  Refinery  
  147  19:18  Hellbat  
  147  19:19  Hellbat x3  
  147  19:20  Hellbat x4, Thor  
  161  19:40  Command Center  
  161  20:05  Hellbat x3  
  161  20:06  Hellbat  
  167  20:23  Command Center  
Tags
 
League
Platinum
Matchup
TvZ
Replay Pack
sc2 replays
Spawn Locations
Cross Positions
Add a new tag
Caveats
  • Supply blocks, unpowered buildings, or Contaminate may cause inaccurate times.
  • Supply counts are checked every 10 seconds.